 Dungeon Crawl Stone Soup version 0.30-a0-322-g102857c98e (webtiles) character file.

Game seed: 13064336058967389646

19078 ryw the Fighter (level 12, -27/87 HPs)
             Began as a Demonspawn Monk on Oct 28, 2022.
             Was a High Priest of Hepliaklqana.
             Annihilated by an enormous slime creature (44 damage)
             ... on level 12 of the Dungeon.
             The game lasted 00:29:06 (11046 turns).

ryw the Fighter (Demonspawn Monk)                  Turns: 11046, Time: 00:29:07

Health: -27/87     AC: 24    Str: 15    XL:     12   Next: 33%
Magic:  17/17      EV: 28    Int: 14    God:    Hepliaklqana [*****.]
Gold:   636        SH: 15    Dex: 23    Spells: 18/18 levels left

rFire   + . .      SeeInvis .    a - +1 long sword (freeze)
rCold   . . .      Faith    .    c - +0 buckler
rNeg    . . .      Spirit   .    E - +8 chain mail "Juseroq" {rF+ Regen+ Str-4 Int+3}
rPois   .          Reflect  .    (helmet restricted)
rElec   .          Harm     +    u - scarf {harm}
rCorr   .          Rampage  .    p - +0 pair of gloves
Will    .....                    O - +2 pair of boots of Unky {Str+5 Dex+4}
Stlth   ..........               s - amulet of the acrobat
HPRegen 1.14/turn                f - +4 ring of slaying
MPRegen 0.30/turn                F - +4 ring of evasion

@: acrobatic
A: reduced essence, antennae 1, large bone plates 3, magic regeneration, demonic
magic 2
a: Renounce Religion, Recall Ancestor, Ancestor Identity, Transference, Idealise


You were on level 12 of the Dungeon.
You worshipped Hepliaklqana.
Hepliaklqana was extremely pleased with you.
You visited 1 branch of the dungeon, and saw 12 of its levels.
You also visited: Sewer.

You collected 841 gold pieces.
You spent 205 gold pieces at shops.

Inventory:

Hand Weapons
 a - a +1 long sword of freezing (weapon)
 b - a +2 sling of flaming
 B - a +3 long sword
 D - the +6 quarterstaff of a Labyrinth {vorpal, rPois rF+ rC+ Dex-5}
   (You took it off an orc on level 7 of the Dungeon)

   It inflicts extra damage upon your enemies.
   Dex:       It affects your dexterity (-5).
   rF:        It protects you from fire.
   rC:        It protects you from cold.
   rPois:     It protects you from poison.
Missiles
 t - 3 datura-tipped darts (quivered)
 z - 64 poisoned darts
Armour
 c - a +0 buckler (worn)
 e - the +2 leather armour of Impatience {rC+ Will+}
   (You found it on level 3 of the Dungeon)

   rC:        It protects you from cold.
   Will:      It increases your willpower.
 p - a +0 pair of gloves (worn)
 u - a scarf of harm (worn)
 E - the +8 chain mail "Juseroq" (worn) {rF+ Regen+ Str-4 Int+3}
   (You found it on level 7 of the Dungeon)

   Str:       It affects your strength (-4).
   Int:       It affects your intelligence (+3).
   rF:        It protects you from fire.
   Regen:     It increases your rate of health regeneration.
 I - a +0 kite shield
 L - +0 steam dragon scales
 O - the +2 pair of boots of Unky (worn) {Str+5 Dex+4}
   (You acquired it on level 11 of the Dungeon)

   Str:       It affects your strength (+5).
   Dex:       It affects your dexterity (+4).
Jewellery
 f - a +4 ring of slaying (left hand)
 k - a ring of protection from cold
 s - an amulet of the acrobat (around neck)
 F - a +4 ring of evasion (right hand)
Wands
 x - a wand of iceblast (11)
 C - a wand of paralysis (14)
 G - a wand of flame (21)
 J - a wand of acid (3)
 M - a wand of mindburst (9)
Scrolls
 g - 5 scrolls of teleportation
 j - a scroll of magic mapping
 w - 2 scrolls of fog
 y - 2 scrolls of blinking
 A - 7 scrolls of identify
Potions
 d - 2 potions of flight
 h - 2 potions of haste
 i - 9 potions of heal wounds
 l - a potion of berserk rage
 m - 2 potions of might
 n - 2 potions of cancellation
 q - 6 potions of curing
 r - 4 potions of brilliance
 v - 3 potions of ambrosia
 H - 2 potions of attraction
 K - a potion of lignification
 N - a potion of mutation


   Skills:
 - Level 10.0 Fighting
 + Level 8.9 Long Blades
 + Level 3.5 Ranged Weapons
 + Level 8.9 Armour
 - Level 5.0 Dodging
 - Level 1.7 Stealth
 + Level 8.9 Shields
 - Level 2.6 Unarmed Combat
 + Level 3.8 Spellcasting


You had 18 spell levels left.
You didn't know any spells.
Your spell library contained the following spells:

 Spells                   Type           Power      Damage    Failure   Level
 Magic Dart               Conj           8%         1d3       97%         1
 Shock                    Conj/Air       8%         1d3       97%         1
 Ensorcelled Hibernation  Hex/Ice        4%         N/A       99%         2
 Searing Ray              Conj           4%         2d4       99%         2
 Inner Flame              Hex/Fire       2%         N/A       100%        3
 Spider Form              Tmut/Pois      2%         N/A       100%        3
 Stone Arrow              Conj/Erth      4%         3d7       100%        3
 Vhi's Electric Charge    Tloc/Air       4%         N/A       100%        3
 Anguish                  Hex/Necr       1%         N/A       100%        4
 Animate Armour           Summ/Erth      4%         N/A       100%        4
 Flame Wave               Conj/Fire      2%         2d4       100%        4
 Fulminant Prism          Conj/Hex       1%         3d6       100%        4
 Passage of Golubria      Tloc           2%         N/A       100%        4
 Sticky Flame             Conj/Fire      2%         2d3       100%        4
 Storm Form               Tmut/Air       1%         N/A       100%        7
 Lehudib's Crystal Spear  Conj/Erth      1%         10d2      100%        8


Dungeon Overview and Level Annotations

Branches:
Dungeon (12/15)            Temple (0/1) D:6            Lair (0/5) D:9
    Orc (0/2) D:10          Sewer (visited)

Altars:
Ashenzari
Cheibriados
Fedhas
Hepliaklqana
Okawaru
Qazlal
Sif Muna

Shops:
D:6 (   D:7 (   D:8 !!*   D:9 *

Annotations:
D:10 1 runed translucent door


Innate Abilities, Weirdness & Mutations

Your life essence is reduced to manifest your ancestor. (-10% HP)
You have a pair of small antennae on your head.
You are completely covered in large bone plates. (SH +8)
You regenerate magic rapidly.
Spells you cast may paralyse nearby enemies.


Message History

You hit the very large slime creature.
You freeze the very large slime creature.
The very large slime creature is moderately wounded.
Nindada hits the very large slime creature with a +0 flail.
Two slime creatures merge to form an enormous slime creature.
You barely miss the enormous slime creature.
The enormous slime creature is lightly wounded.
Nindada hits the enormous slime creature with a +0 flail!
You block the enormous slime creature's attack.
Unknown command.
You hit the enormous slime creature. You freeze the enormous slime creature.
The enormous slime creature is moderately wounded.
Nindada barely misses the enormous slime creature.
You block the enormous slime creature's attack.
You slash the enormous slime creature! You freeze the enormous slime creature.
The enormous slime creature is moderately wounded.
Nindada hits the enormous slime creature with a +0 flail!
You block the enormous slime creature's attack.
Unknown command.
You hit the enormous slime creature. You freeze the enormous slime creature.
The enormous slime creature is moderately wounded.
Nindada barely misses the enormous slime creature.
The enormous slime creature hits you!!!
Ouch! That really hurt!
* * * LOW HITPOINT WARNING * * *
Unknown command.
You are too injured to fight recklessly!
Unknown command.
You are too injured to fight recklessly!
Unknown command.
You are too injured to fight recklessly!
Unknown command.
The enormous slime creature attacks as you move away!
You block the enormous slime creature's attack.
Nindada hits the enormous slime creature with a +0 flail!
Nindada barely misses the enormous slime creature.
The enormous slime creature attacks as you move away!
The enormous slime creature hits you!!!
Ouch! That really hurt!
You die...

.#...........#..........#......#
.#...........#..........#......#
.#...........#..........#......#
##...........#..........#......#
.#...........#..........########
.#...........#....R............#
.######............#...........#
......########...J.#...........#
................@..#...........#
##.................#...........#
.R.................#....########
.#.................#...........#
.#....#............#...........#
.#....#......############......#
.#....#......#..........#......#
.#....#......#..........#......#
#######......#..........#......#


You could see the friendly Nindada the knight and an enormous slime creature
(ally target).

Vanquished Creatures
  4 two-headed ogres
  A boulder beetle (D:12)
  A deep elf pyromancer (D:12)
  An ugly thing (D:11)
  A cyclops (D:11)
  An unseen horror (D:12)
  3 trolls
  4 slime creatures (D:12)
  A wyvern (D:10)
  9 yaks
  A wraith (D:10)
  5 hogs
  A steam dragon (D:10)
  2 vampire mosquitoes (D:11)
  2 ice beasts
  2 orc warriors
  6 ogres
  6 centaurs
  2 phantoms
  3 kobold brigands
  A gnoll sergeant (D:9)
  2 scorpions (D:6)
  6 wights
  2 troll zombies (D:10)
  16 killer bees
  A howler monkey (D:5)
  A hound (D:7)
  An orc priest (D:9)
  A jelly (D:6)
  4 orc wizards
  5 iguanas
  3 ogre zombies (D:10)
  Robin (D:2)
  5 gnolls
  11 adders
  4 river rats (Sewer)
  A shadow imp (D:6)
  An ufetubus (D:6)
  4 worms
  A dart slug (D:3)
  25 orcs
  5 endoplasms
  3 giant cockroaches
  9 goblins
  10 hobgoblins
  7 jackals (D:1)
  4 quokkas
  4 ball pythons
  3 bats
  2 goblin skeletons (D:10)
  A hobgoblin skeleton (D:10)
  19 kobolds
  An orc skeleton (D:10)
  6 orc zombies (D:10)
  11 rats
237 creatures vanquished.

Vanquished Creatures (collateral kills)
  Kirke (D:11)
  A two-headed ogre (D:11)
  Lodul (D:12)
  A cyclops (D:11)
  Joseph (D:8)
  A troll (D:9)
  2 slime creatures (D:12)
  2 shadows
  A wraith (D:12)
  2 hogs (D:11)
  2 wyverns (D:9)
  6 yaks
  3 sky beasts
  2 orc warriors (D:9)
  An ice beast (D:5)
  2 black bears
  2 ogres (D:12)
  3 centaurs
  A bullfrog (D:8)
  3 wights
  A troll zombie (D:10)
  2 killer bees (D:11)
  A howler monkey (D:11)
  A jelly (D:8)
  An orc priest (D:5)
  A gnoll bouda (D:8)
  4 orc wizards
  An adder (Sewer)
  3 gnolls
  A shadow imp (D:7)
  5 orcs
  2 ball pythons (Sewer)
  7 kobolds
  A quokka (D:4)
  4 frilled lizards (Sewer)
  A hobgoblin skeleton (D:10)
  2 hobgoblin zombies (D:10)
  2 orc skeletons (D:10)
  4 orc zombies (D:10)
  2 rats
84 creatures vanquished.

Vanquished Creatures (others)
  7 knights
  10 plants (D:4)
17 creatures vanquished.

Grand Total: 338 creatures vanquished

Notes
Turn   | Place    | Note
-------+----------+-------------------------------------------
     0 | D:1      | ryw the Demonspawn Monk began the quest for the Orb.
     0 | D:1      | Reached XP level 1. HP: 18/18 MP: 1/1
    70 | D:1      | Got the Tractate on the Squall and Direction
   238 | D:1      | Gained mutation: You have a pair of small antennae on your
                  | head. [demonic ancestry]
   238 | D:1      | Reached XP level 2. HP: 15/24 MP: 2/2
   394 | D:1      | Reached skill level 4 in Fighting
   508 | D:1      | You fall into a shaft and drop 1 floor!
   787 | D:1      | Reached XP level 3. HP: 25/30 MP: 3/3
   992 | D:2      | Noticed Robin
  1548 | D:2      | Reached XP level 4. HP: 36/38 MP: 4/4
  1585 | D:2      | Killed Robin
  1586 | D:2      | Reached skill level 5 in Fighting
  1830 | D:3      | Identified the +2 leather armour of Impatience {rC+ Will+}
  2534 | D:4      | Gained mutation: You are partially covered in large bone
                  | plates. (SH +4) [demonic ancestry]
  2534 | D:4      | Reached XP level 5. HP: 45/45 MP: 5/5
  2578 | D:4      | Reached skill level 1 in Shields
  2580 | D:4      | Found a hazy altar of Hepliaklqana.
  2620 | D:4      | Became a worshipper of Hepliaklqana the Forgotten
  2620 | D:4      | Reached * piety under Hepliaklqana
  2620 | D:4      | Reached ** piety under Hepliaklqana
  2621 | D:4      | Remembered your ancestor Nindada as a knight
  2636 | D:4      | Noticed a black bear
  2642 | D:4      | Killed a black bear
  2643 | D:4      | Gained mutation: You regenerate magic rapidly. [demonic
                  | ancestry]
  2643 | D:4      | Reached XP level 6. HP: 36/46 MP: 6/6
  2712 | D:4      | Reached skill level 6 in Fighting
  2924 | D:4      | Found a glowing drain.
  2928 | Sewer    | Entered a sewer
  3670 | D:5      | Entered Level 5 of the Dungeon
  3844 | D:5      | Gained mutation: Spells you cast may paralyse adjacent
                  | enemies. [demonic ancestry]
  3844 | D:5      | Reached XP level 7. HP: 53/53 MP: 7/7
  4110 | D:5      | Reached skill level 1 in Armour
  4435 | D:5      | Found a stormy altar of Qazlal.
  4436 | D:5      | Found a shimmering blue altar of Sif Muna.
  4781 | D:5      | Found a snail-covered altar of Cheibriados.
  4966 | D:6      | Found Buumat's Weapon Shop.
  4975 | D:6      | Bought a +2 sling of flaming for 205 gold pieces
  5046 | D:6      | Reached skill level 7 in Fighting
  5046 | D:6      | Reached XP level 8. HP: 60/60 MP: 8/8
  5086 | D:6      | Found a staircase to the Ecumenical Temple.
  5091 | D:6      | Reached skill level 1 in Long Blades
  5091 | D:6      | Reached skill level 1 in Spellcasting
  5112 | D:6      | Reached skill level 5 in Dodging
  5733 | D:7      | Reached *** piety under Hepliaklqana
  5847 | D:7      | Found Paicron's Weapon Shop.
  5855 | D:7      | Identified the +6 quarterstaff of a Labyrinth {vorpal,
                  | rPois rF+ rC+ Dex-5}
  5993 | D:7      | Identified the +8 chain mail "Juseroq" {rF+ Regen+ Str-4
                  | Int+3}
  6087 | D:7      | Reached XP level 9. HP: 65/65 MP: 13/13
  6608 | D:8      | Found Sacurias's General Store.
  6620 | D:8      | Noticed Joseph
  6627 | D:8      | Killed Joseph
  6628 | D:8      | Reached skill level 8 in Fighting
  6628 | D:8      | Reached skill level 5 in Shields
  6694 | D:8      | Reached **** piety under Hepliaklqana
  6703 | D:8      | Found Seidiguudiun's Distillery.
  6929 | D:8      | Found Safan's Distillery.
  6944 | D:8      | Found a large runed translucent door.
  6948 | D:8      | Found a large runed translucent door.
  6959 | D:8      | Found a blossoming altar of Fedhas.
  6963 | D:8      | Found an iron altar of Okawaru.
  7024 | D:9      | Found Buemiat's Assorted Antiques.
  7072 | D:9      | Found a staircase to the Lair.
  7178 | D:9      | Noticed a troll
  7187 | D:9      | Reached skill level 5 in Armour
  7192 | D:9      | Killed a troll
  7193 | D:9      | Reached skill level 9 in Fighting
  7193 | D:9      | Reached skill level 5 in Long Blades
  7844 | D:9      | Gained mutation: You are mostly covered in large bone
                  | plates. (SH +6) [demonic ancestry]
  7844 | D:9      | Reached XP level 10. HP: 74/74 MP: 14/14
  7934 | D:10     | Entered Level 10 of the Dungeon
  8070 | D:10     | Reached skill level 10 in Fighting
  8170 | D:10     | Reached ***** piety under Hepliaklqana
  8361 | D:10     | Noticed a torpor snail
  8361 | D:10     | Noticed a wolf spider
  8361 | D:10     | Noticed a five-headed hydra
  8362 | D:10     | Found a runed translucent door.
  8364 | D:10     | Noticed an ice dragon
  8364 | D:10     | Noticed a yaktaur captain
  8364 | D:10     | Noticed a flayed ghost
  8364 | D:10     | Noticed a deep troll
  8364 | D:10     | Noticed a centaur warrior
  8370 | D:10     | a torpor snail changed into a death drake
  8370 | D:10     | Noticed a death drake (shapeshifter)
  8371 | D:10     | a death drake changed into a snapping turtle
  8434 | D:10     | Noticed a two-headed ogre
  8533 | D:10     | Found a staircase to the Orcish Mines.
  8603 | D:10     | Found a flagged portal.
  8741 | D:10     | Killed a two-headed ogre
  8742 | D:10     | Gained mutation: Spells you cast may paralyse nearby
                  | enemies. [demonic ancestry]
  8742 | D:10     | Reached XP level 11. HP: 63/81 MP: 15/15
  9049 | D:10     | Noticed a radroach
  9161 | D:11     | Noticed a two-headed ogre
  9167 | D:11     | Killed a two-headed ogre
  9651 | D:11     | Noticed a red ugly thing
  9676 | D:11     | Killed a red ugly thing
  9887 | D:11     | Identified a scroll of acquirement
  9887 | D:11     | Acquired the +2 pair of boots of Unky {Str+5 Dex+4}
 10067 | D:12     | Noticed a two-headed ogre
 10075 | D:12     | Killed a two-headed ogre
 10151 | D:12     | Noticed Kirke
 10159 | D:12     | Noticed a lindwurm
 10253 | D:11     | Reached skill level 1 in Ranged Weapons
 10281 | D:12     | Noticed a two-headed ogre
 10298 | D:11     | Killed Kirke
 10312 | D:12     | Killed a two-headed ogre
 10341 | D:12     | Gained mutation: You are completely covered in large bone
                  | plates. (SH +8) [demonic ancestry]
 10341 | D:12     | Reached XP level 12. HP: 87/87 MP: 16/16
 10360 | D:12     | Noticed Lodul
 10382 | D:12     | Killed Lodul
 10518 | D:12     | Noticed a boulder beetle
 10529 | D:12     | Killed a boulder beetle
 10838 | D:12     | Found a broken altar of Ashenzari.
 10880 | D:12     | Noticed a two-headed ogre
 10887 | D:12     | Killed a two-headed ogre
 11046 | D:12     | Annihilated by an enormous slime creature

Illustrated notes

Levels and vault maps discovered:
D:1:      dpeg_arrival_rooms_a, layout_basic, hex_medium
D:2:      layout_rooms, uniq_robin
D:3:      layout_loops_cross
D:4:      layout_loops_cross, nicolae_hepliaklqana_hazy_memory,
          gup_sewer_entry_bowl
D:5:      layout_loops_ring, nicolae_overflow_quartered_altars,
          minmay_crystal_water
D:6:      layout_rooms, minmay_temple_entry_sparse_star, serial_shops,
          nicolae_square_shop
D:7:      layout_cave_pools, serial_shops, nicolae_diamond_shop
D:8:      layout_cave_pools, jmf_multi_god_temple2, serial_shops,
          nicolae_stop_n_shop_2, kennysheep_mini, shop, uniq_joseph
D:9:      layout_long_grid, lair_entry_dummy, serial_shops, nicolae_shop_trees
D:10:     minmay_gate_of_8, layout_irregular_city, zombieorc1_lemuel,
          enter_bailey_8
D:11:     layout_roguey
D:12:     layout_grid_maze, cheibrodos_ashenzari_chains, uniq_lodul, uniq_kirke

Skill      XL: |  1  2  3  4  5  6  7  8  9 10 11 12 |
---------------+-------------------------------------+-----
Fighting       | 4 5 6 7 9 10 | 10.0
Dodging        | 3 4 5 |  5.0
Shields        | 1 2 3 4 5 6 8 |  8.9
Armour         | 1 3 5 6 8 |  8.9
Long Blades    | 2 5 6 8 |  8.9
Spellcasting   | 2 3 |  3.8
Ranged Weapons | 2 3 |  3.5
Stealth        | |  1.7
Unarmed Combat | |  2.6

Action                   |  1- 3 |  4- 6 |  7- 9 | 10-12 || total
-------------------------+-------+-------+-------+-------++-------
Melee: Unarmed           |    26 |       |       |     4 ||    30
       Long sword        |    69 |   138 |   132 |   335 ||   674
 Fire: Sling             |       |       |    87 |    43 ||   130
Invok: Ancestor Life: Kn |       |     1 |       |       ||     1
       Recall Ancestor   |       |       |       |     1 ||     1
  Use: Scroll            |       |    16 |     7 |     3 ||    26
 Stab: Sleeping          |       |    10 |     1 |       ||    11
       Distracted        |       |       |       |     2 ||     2
Armor: Chain mail        |    88 |     6 |    41 |   170 ||   305
       Robe              |     4 |       |       |       ||     4
       Leather armour    |       |    33 |    22 |       ||    55
Dodge: Dodged            |    29 |    72 |    71 |   194 ||   366
Block: Buckler           |    17 |    52 |   106 |   259 ||   434

Table legend: (Time is in decaauts)
 A = Elapsed time spent in this place.
 B = Non-inter-level travel time spent in this place.
 C = Inter-level travel time spent in this place.
 D = Time resting spent in this place.
 E = Time spent auto-exploring this place.
 F = Levels seen in this place.
 G = Mean time per level.
                   A        B        C        D        E       F      G
               +--------+--------+--------+--------+--------+-----+--------+
         Total |  11399 |  10890 |    509 |   1214 |   7060 |  13 |  876.8 |
       Dungeon |  10886 |  10377 |    509 |   1214 |   6821 |  12 |  907.2 |
         Sewer |    512 |    512 |      0 |      0 |    238 |   1 |  512.0 |
               +--------+--------+--------+--------+--------+-----+--------+

Top non-repeatable levels by time:
     D:1: 1182 daAuts
    D:10: 1174 daAuts
     D:5: 1131 daAuts
    D:11: 1123 daAuts
     D:9: 970 daAuts
     D:4: 957 daAuts
    D:12: 884 daAuts
     D:6: 790 daAuts
     D:7: 785 daAuts
     D:3: 682 daAuts
     D:2: 650 daAuts
     D:8: 552 daAuts
   Sewer: 512 daAuts
